cohdb
Replays
Latest Replays
All Replays
Popular Replays
Top Player Replays
Match Explorer
How It Works
Community
CoH3 Stats
Reddit
Sign in to upload your games and track your stats! →
Sign in with Steam
Match 42635830
Unlisted
Match 42635830
Overview
Messages
Build Orders
End
Construct Weapon Support Center
Selects Armored Battlegroup
Selects Assault Engineers
Assault Engineer Squad
Assault Engineer Squad
M1919 Machine Gun Team
M1919 Machine Gun Team
Infantry Support Center
Bazooka Squad
M3 Armored Personnel Carrier
Selects Strength in Steel
Construct Medical Station
M3 Armored Personnel Carrier
Bazooka Squad
Construct Motor Pool
Construct Tank Depot
DarkBlaze
Johoni
I AM NOOB
Dave
0
0
Comments
sign in to comment!
No comments posted yet!